Map: Wolfe Industries Compound

Players

Gracz - Winner!

  • Race: Terran Terran
  • Spawn Location: 7:00

Picklehehe - Winner!

  • Race: Terran Terran
  • Spawn Location: 7:00

A.I. 2 (Very Easy)

  • Race: Zerg Zerg
  • Spawn Location: 3:00

A.I. 3 (Very Easy)

  • Race: Zerg Zerg
  • Spawn Location: 12:00

VOD

Have the link to the VOD?

Description

Time

  • Played on: March 4, 2016, 6:51 p.m.
  • Length: 27:37
Show
View Real Time Build Order
Export as new Build Order

Gracz Terran - Winner!

Build Orders:  

Get SALT Encoding   

  12  0:23  SCV  
  13  0:35  SCV  
  14  0:39  Refinery  
  14  0:42  Refinery  
  14  0:47  SCV  
  15  0:52  Supply Depot  
  15  1:13  SCV  
  15  1:18  Supply Depot  
  16  1:25  SCV  
  16  1:29  Barracks  
  17  1:37  SCV  
  18  1:43  Supply Depot  
  18  1:50  SCV  
  18  1:54  Engineering Bay  
  19  2:02  SCV  
  20  2:14  SCV  
  21  2:26  SCV  
  22  2:38  SCV  
  23  2:54  Bunker  
  23  3:02  Factory  
  23  3:03  Barracks, Barracks Reactor  
  23  3:06  SCV  
  24  3:15  Factory, Building Armor  
  24  3:40  Supply Depot  
  24  3:55  Factory Tech Lab, Command Center  
  24  3:58  Barracks Reactor  
  24  4:09  Supply Depot  
  24  4:16  Missile Turret  
  24  4:26  Factory Tech Lab  
  24  4:35  Armory  
  24  4:55  Terran Infantry Weapons Level 1  
  24  5:10  Missile Turret  
  24  5:18  Starport  
  24  5:22  Refinery, SCV  
  24  5:27  Orbital Command  
  25  5:34  SCV  
  26  5:40  Refinery  
  26  5:47  SCV  
  27  5:52  Starport  
  27  6:04  Starport Tech Lab  
  27  6:30  Marine x2  
  29  6:38  Hellion x2, Marine  
  29  6:39  Marine  
  35  6:42  Medivac  
  37  6:50  Terran Infantry Armor Level 1  
  37  7:30  Sensor Tower  
  37  8:02  SCV  
  38  8:15  SCV  
  38  8:18  Siege Tank x2  
  38  8:19  Starport Tech Lab  
  45  8:26  Fusion Core  
  45  8:27  SCV  
  46  8:37  Starport  
  46  8:39  SCV  
  47  8:50  Thor x2  
  47  8:51  Orbital Command  
  59  9:14  Behemoth Reactor  
  59  9:15  Starport Reactor  
  59  9:29  Sensor Tower  
  59  9:32  Supply Depot  
  59  9:57  Hi-Sec Auto Tracking  
  59  10:10  Supply Depot  
  59  10:11  Weapon Refit  
  59  10:18  Missile Turret  
  59  10:52  Medivac  
  59  10:53  Neosteel Frame  
  61  11:15  Medivac x2  
  61  11:17  Starport  
  65  11:48  Marine x2  
  65  11:49  Marine x2  
  65  11:52  Thor  
  65  11:54  Thor  
  81  11:55  Starport Tech Lab  
  81  12:01  Supply Depot  
  81  12:06  Marine x3  
  81  12:07  Marine  
  78  12:12  Terran Infantry Armor Level 2  
  78  12:24  Marine  
  79  12:43  Battlecruiser  
  85  12:44  Battlecruiser  
  85  12:49  Marine x2  
  85  12:50  Marine  
  94  12:56  Marine  
  95  13:03  Terran Vehicle Weapons Level 1  
  95  13:07  Marine x2  
  97  14:28  Terran Infantry Weapons Level 2  
  97  14:57  Terran Ship Weapons Level 1  
  97  15:11  Medivac  
  97  15:12  Battlecruiser, Medivac  
  97  15:13  Battlecruiser x2  
  119  15:38  Orbital Command  
  119  16:07  Refinery  
  119  16:09  Refinery  
  118  16:49  SCV  
  119  17:01  SCV  
  120  17:13  Terran Vehicle And Ship Armor Level 1  
  120  18:19  Marine x4  
  124  18:24  Battlecruiser x3  
  142  18:34  Supply Depot  
  142  18:55  Marine x3  
  142  18:56  Reaper  
  146  19:13  Reaper x3  
  149  19:28  Reaper  
  150  21:18  Reaper  
  150  21:28  Reaper x3  
  150  22:19  Supply Depot  
  150  22:21  Marine x2, Supply Depot  
  150  22:22  Battlecruiser  
  158  22:23  Supply Depot  
  158  22:28  Supply Depot  
  158  22:40  Marine x2  
  158  22:41  Marine x2, Medivac x2  
  158  22:42  Siege Tank x2, Raven  
  174  22:50  Supply Depot  
  174  22:53  Supply Depot  
  174  22:55  Supply Depot  
  174  22:57  Supply Depot  
  174  22:58  Marine x3  
  174  23:05  Orbital Command  
  177  23:14  Siege Tank x2  
  177  23:16  Marine  
  184  23:25  Raven  
  186  23:47  Siege Tank x2  
  192  24:08  Raven  
  194  24:19  Siege Tank  
Show
View Real Time Build Order
Export as new Build Order

Picklehehe Terran - Winner!

Build Orders:  

Get SALT Encoding   

  12  0:54  SCV  
  13  1:06  SCV  
  14  1:18  SCV  
  15  2:58  Supply Depot  
  15  3:25  Barracks  
  15  4:14  Refinery  
  15  4:38  Marine  
  16  7:22  Marine  
  17  7:39  Marine  
  18  7:57  Marine  
  19  8:37  Barracks  
  19  9:28  Marine  
  20  9:44  Marine  
  21  9:46  Marine  
  22  10:02  Marine  
  23  10:47  Supply Depot  
  23  11:09  Marine  
  25  11:27  Reaper  
  25  11:30  Marine  
  26  11:48  Marine  
  27  11:59  Marine  
  28  12:06  Reaper  
  29  12:16  Marine  
  30  12:34  Marine  
  31  13:40  Marine  
  31  20:09  Refinery  
  31  20:30  Barracks  
Show
View Real Time Build Order
Export as new Build Order

A.I. 2 (Very Easy) Zerg 

Build Orders: Pool First 

Get SALT Encoding   

  12  0:01  Drone  
  13  0:12  Overlord  
  13  0:17  Drone  
  14  0:37  Spawning Pool  
  14  0:38  Extractor  
  14  0:40  Drone  
  13  0:47  Drone  
  14  0:54  Overlord  
  14  1:24  Zergling x2  
  14  1:25  Queen  
  17  1:33  Roach Warren  
  17  1:36  Drone  
  17  1:40  Extractor  
  17  1:45  Drone  
  17  1:50  Zergling x2  
  18  2:03  Drone  
  19  2:10  Drone  
  20  2:16  Zergling x2  
  20  2:19  Drone  
  22  2:29  Overlord  
  22  2:33  Drone  
  23  2:40  Drone  
  23  2:42  Roach  
  26  2:47  Drone  
  27  7:05  Lair, Overlord, Drone  
  28  7:12  Drone  
  29  7:17  Hatchery  
  29  7:19  Drone  
  29  7:27  Drone  
  29  7:52  Zergling x2  
  26  8:03  Overseer x2  
  26  8:04  Spire  
  25  8:30  Drone  
  26  8:37  Drone  
  27  8:44  Extractor, Drone  
  27  8:47  Extractor  
  26  8:51  Drone  
  27  8:58  Drone  
  28  9:05  Drone  
  29  9:13  Drone  
  29  9:16  Mutalisk  
  32  9:20  Drone  
  33  9:27  Drone  
  34  9:34  Drone  
  35  9:41  Drone  
  36  9:48  Drone  
  37  9:55  Drone  
  38  10:03  Drone  
  38  10:04  Mutalisk  
  41  10:10  Drone  
  42  10:17  Drone  
  43  10:24  Drone  
  44  10:31  Drone  
  44  10:33  Overlord  
  45  10:38  Drone  
  46  10:46  Drone  
  47  11:18  Overseer, Overlord  
  47  12:59  Pneumatized Carapace  
  47  13:00  Overseer  
  47  13:01  Overlord  
  47  13:02  Evolution Chamber  
  47  13:04  Infestation Pit  
  45  13:07  Hydralisk Den  
  45  13:09  Drone  
  45  13:31  Hatchery  
  44  13:36  Hydralisk  
  46  13:44  Hive  
  42  13:57  Overseer  
  41  14:08  Zergling x2  
  42  14:43  Drone  
  43  14:50  Extractor, Drone  
  43  14:55  Extractor  
  43  14:56  Overseer  
  43  14:57  Drone  
  43  15:02  Ultralisk Cavern  
  43  15:05  Drone  
  43  15:12  Drone  
  44  15:19  Drone  
  45  15:52  Overseer, Ultralisk, Overlord  
  51  17:28  Ultralisk, Overlord  
  57  18:08  Ultralisk  
  54  18:33  Zergling x2  
  55  18:57  Hydralisk  
  55  18:59  Overlord  
  43  19:14  Drone  
  32  19:21  Drone  
  32  19:22  Ultralisk  
  39  19:28  Overseer, Drone  
  39  19:29  Overlord  
  38  19:35  Hatchery  
  38  19:36  Drone  
  34  19:43  Drone  
  34  19:44  Extractor  
  32  19:50  Drone  
  39  19:54  Extractor  
  37  20:05  Drone  
  30  20:20  Drone  
  23  20:26  Overlord  
  23  20:27  Drone  
  23  20:45  Spawning Pool, Drone  
  23  20:46  Hatchery  
  23  20:47  Overlord  
  22  20:52  Drone  
  23  20:59  Drone  
  24  21:05  Overlord  
  24  21:06  Drone  
  25  21:14  Drone  
  25  21:19  Evolution Chamber  
  25  21:21  Drone  
  25  21:25  Overlord  
  25  21:28  Drone  
  26  21:33  Queen  
  26  21:34  Lair  
  26  21:35  Zergling x2, Drone  
  30  21:43  Drone  
  30  21:46  Overlord  
  31  21:51  Drone  
  32  21:59  Drone  
  33  22:06  Drone  
  34  22:13  Drone  
  35  22:20  Drone  
  36  22:27  Drone  
  36  22:28  Extractor  
  36  22:30  Overlord  
  36  22:32  Overseer, Extractor  
  36  22:35  Overseer, Infestation Pit, Drone  
  36  22:36  Hydralisk Den  
  34  22:42  Drone  
  35  22:49  Drone  
  36  22:56  Drone  
  37  23:03  Drone  
  38  23:07  Hydralisk  
  38  23:10  Drone  
  41  23:18  Drone  
  42  23:25  Drone  
  43  23:32  Drone  
  44  23:39  Drone  
  45  23:58  Hydralisk  
  45  23:59  Overlord, Drone  
  42  24:06  Drone  
  39  24:14  Drone  
  40  24:20  Overlord  
  40  24:21  Drone  
  40  24:26  Queen  
  40  24:27  Zergling x2  
  40  24:28  Drone  
  38  24:35  Drone  
  37  24:39  Overlord  
  25  24:47  Spawning Pool  
  25  24:51  Evolution Chamber  
  20  24:55  Hatchery  
  20  24:58  Overlord  
  19  25:02  Extractor  
  6  25:17  Overlord, Drone  
  6  25:20  Drone  
Show
View Real Time Build Order
Export as new Build Order

A.I. 3 (Very Easy) Zerg 

Build Orders: Pool First 

Get SALT Encoding   

  12  0:01  Drone  
  13  0:12  Overlord  
  13  0:17  Drone  
  14  0:36  Spawning Pool  
  14  0:38  Extractor  
  14  0:40  Drone  
  13  0:47  Drone  
  14  0:53  Overlord  
  14  1:24  Zergling x2, Queen  
  17  1:32  Roach Warren  
  16  1:34  Drone  
  17  1:40  Extractor  
  17  1:43  Zergling x2, Drone  
  18  1:56  Drone  
  19  2:01  Zergling x2  
  19  2:07  Drone  
  21  2:18  Drone  
  22  2:28  Drone  
  23  2:31  Overlord  
  23  2:36  Drone  
  24  2:43  Drone  
  25  5:48  Roach  
  25  5:49  Lair, Overlord, Drone  
  28  5:56  Drone  
  29  6:03  Drone  
  30  6:10  Drone  
  31  6:11  Hatchery  
  31  6:18  Drone  
  31  6:25  Drone  
  32  6:31  Roach  
  34  6:46  Overseer  
  34  6:47  Overseer  
  31  7:14  Roach  
  33  7:24  Drone  
  34  7:31  Drone  
  35  7:38  Drone  
  36  7:45  Drone  
  36  7:48  Extractor  
  36  7:50  Extractor  
  35  7:53  Drone  
  36  8:00  Drone  
  37  8:07  Drone  
  38  8:14  Drone  
  39  8:21  Drone  
  40  8:28  Drone  
  41  8:35  Drone  
  42  8:43  Drone  
  43  8:50  Drone  
  44  8:57  Drone  
  44  8:58  Overlord  
  45  9:04  Drone  
  46  9:11  Drone  
  47  9:18  Drone  
  48  11:10  Pneumatized Carapace  
  48  11:11  Overseer  
  48  11:12  Evolution Chamber, Zergling x2, Overlord  
  48  11:15  Drone  
  49  11:44  Infestation Pit  
  49  11:45  Drone  
  49  11:47  Hydralisk Den  
  49  11:53  Drone  
  43  12:19  Hydralisk  
  45  12:23  Hive  
  45  12:37  Hatchery  
  44  13:39  Ultralisk Cavern  
  43  13:49  Drone  
  44  13:56  Drone  
  44  13:57  Extractor  
  44  14:00  Extractor  
  43  14:03  Drone  
  44  14:10  Drone  
  45  14:28  Ultralisk  
  51  15:42  Spire  
  50  15:43  Drone  
  51  16:19  Zergling x2  
  51  16:24  Overseer  
  43  16:27  Overseer  
  43  16:54  Greater Spire, Corruptor  
  45  17:12  Overseer  
  45  17:13  Overlord  
  45  17:17  Hatchery  
  44  18:05  Corruptor  
  44  18:06  Brood Lord  
  48  18:30  Drone  
  49  18:40  Extractor  
  49  18:41  Drone  
  49  18:42  Spire  
  49  18:44  Corruptor  
  49  18:45  Brood Lord, Extractor  
  49  18:48  Drone  
  52  18:55  Drone  
  53  19:43  Overlord  
  53  19:44  Overseer  
  53  19:55  Mutalisk  
  55  20:03  Overlord  
  55  20:04  Zergling x2  
  55  20:12  Mutalisk  
  55  20:21  Zergling x2  
  56  20:30  Zergling x2  
  57  20:38  Mutalisk  
  59  20:47  Zergling x2, Overlord  
  58  20:55  Mutalisk, Drone  
  49  21:02  Drone  
  43  21:04  Mutalisk  
  43  21:09  Drone  
  46  21:14  Zergling x2  
  46  21:16  Drone  
  48  21:24  Zergling x2  
  48  21:25  Drone  
  42  21:33  Overlord  
  42  21:34  Drone  
  42  21:35  Mutalisk, Hatchery  
  33  21:41  Overseer  
  33  21:45  Zergling x2  
  32  21:51  Overlord  
  32  21:53  Mutalisk, Overseer, Drone  
  32  22:01  Drone  
  33  22:10  Overlord  
  22  22:46  Overlord  
  22  22:56  Evolution Chamber  
  22  22:57  Drone  
  21  23:00  Spawning Pool  
  18  23:07  Overlord  
  18  23:08  Drone  
  16  23:26  Drone  
  14  23:37  Evolution Chamber  
  14  23:38  Overlord  
  12  23:52  Spawning Pool  
  12  23:53  Drone  
  12  24:18  Overlord  
  12  24:19  Drone  
  12  24:20  Extractor  
  12  24:29  Drone  
  13  24:40  Lair, Queen, Drone  
  13  24:41  Zergling x2, Overlord  
  17  24:47  Drone  
  18  24:54  Drone  
  19  25:00  Extractor  
  19  25:01  Overlord  
  19  25:02  Drone  
  18  25:09  Drone  
  19  25:16  Drone  
  20  25:24  Drone  
  21  25:31  Drone  
  22  25:38  Overseer, Drone  
  22  25:39  Hydralisk Den, Overseer, Overlord  
  22  25:41  Overseer  
  22  25:42  Infestation Pit  
  22  25:45  Drone  
  22  25:52  Drone  
  23  26:00  Drone  
  24  26:07  Drone  
  24  26:09  Hydralisk  
  27  26:14  Drone  
  28  26:21  Drone  
  28  26:22  Queen  
  25  26:28  Drone  
  25  26:31  Hatchery  
  22  26:36  Drone  
  23  26:43  Drone  
  23  26:46  Overlord  
  20  27:07  Zergling x2, Drone  
Tags
 
Add a new tag
Caveats
  • Supply blocks, unpowered buildings, or Contaminate may cause inaccurate times.
  • Supply counts are checked every 10 seconds.